| TOP OF THE 1ST |
|
New Orleans Brass batting - Pitching for San Antonio Missions : RHP Jeff Pico
|
|
Pitching: RHP Jeff Pico
|
|
|
Batting: SHB Cecil Espy
|
0-0: Swinging Strike 0-1: Bunted foul 0-2: Ball 1-2: Ball 2-2: Ground out 6-3 (Groundball, 6M, EV 87.5 MPH)
|
|
Batting: SHB Ruben Sierra
|
0-0: Foul Ball, location: 2F 0-1: Ball 1-1: Swinging Strike 1-2: Foul Ball, location: 2F 1-2: Foul Ball, location: 2F 1-2: Strikes out swinging
|
|
Batting: RHB Scott Brosius
|
0-0: Called Strike 0-1: Swinging Strike 0-2: Strikes out swinging
|
| Top of the 1st over - 0 runs, 0 hits, 0 errors, 0 left on base; New Orleans 0 - San Antonio 0 |
| BOTTOM OF THE 1ST |
|
San Antonio Missions batting - Pitching for New Orleans Brass : LHP Trevor Wilson
|
|
Pitching: LHP Trevor Wilson
|
|
|
Batting: RHB Eric Owens
|
0-0: Ball 1-0: Foul Ball, location: 2F 1-1: Foul Ball, location: 2F 1-2: Ground out 1-3 (Groundball, 34S, EV 72.5 MPH)
|
|
Batting: LHB David Hulse
|
0-0: Called Strike 0-1: Ball 1-1: Foul Ball, location: 2F 1-2: Ball 2-2: Ball 3-2: Base on Balls
|
|
Batting: RHB Damian Jackson
|
0-0: Ball 1-0: Called Strike 1-1: Ball 2-1: SINGLE (Line Drive, 8LS, EV 95.0 MPH) David Hulse to second
|
|
Batting: RHB Orlando Miller
|
0-0: Called Strike 0-1: Ball 1-1: Grounds into double play, 5-4-3 (Groundball, 56, EV 81.3 MPH)
|
| Bottom of the 1st over - 0 runs, 1 hit, 0 errors, 1 left on base; New Orleans 0 - San Antonio 0 |
| TOP OF THE 2ND |
|
New Orleans Brass batting - Pitching for San Antonio Missions : RHP Jeff Pico
|
|
Batting: SHB Jose L Cruz
|
0-0: Foul Ball, location: 2F 0-1: Ball 1-1: Swinging Strike 1-2: Ball 2-2: Ball 3-2: Fly out, F5 (Popup, 56S, EV 72.5 MPH)
|
|
Batting: RHB Carmelo Martinez
|
0-0: Ball 1-0: Foul Ball, location: 2F 1-1: Ball 2-1: Ball 3-1: Foul Ball, location: 2F 3-2: Base on Balls
|
|
Batting: SHB Jose Vidro
|
0-0: Called Strike 0-1: Foul Ball, location: 2F 0-2: Ball 1-2: Ball 2-2: Strikes out swinging
|
|
Batting: LHB Greg Myers
|
0-0: Ball 1-0: Swinging Strike 1-1: Called Strike 1-2: Foul Ball, location: 2F 1-2: Fly out, F7 (Line Drive, 7D, EV 103.1 MPH)
|
| Top of the 2nd over - 0 runs, 0 hits, 0 errors, 1 left on base; New Orleans 0 - San Antonio 0 |
| BOTTOM OF THE 2ND |
|
San Antonio Missions batting - Pitching for New Orleans Brass : LHP Trevor Wilson
|
|
Batting: RHB David Green
|
0-0: Ball 1-0: Foul Ball, location: 2F 1-1: Called Strike 1-2: Foul Ball, location: 2F 1-2: Strikes out swinging
|
|
Batting: SHB Bill Doran
|
0-0: Ball 1-0: Ball 2-0: Ball 3-0: Called Strike 3-1: Swinging Strike 3-2: Strikes out swinging
|
|
Batting: RHB Kelly Stinnett
|
0-0: Swinging Strike 0-1: Fly out, F5 (Line Drive, 5, EV 68.8 MPH)
|
| Bottom of the 2nd over - 0 runs, 0 hits, 0 errors, 0 left on base; New Orleans 0 - San Antonio 0 |
| TOP OF THE 3RD |
|
New Orleans Brass batting - Pitching for San Antonio Missions : RHP Jeff Pico
|
|
Batting: SHB Wilson Delgado
|
0-0: Called Strike 0-1: Foul Ball, location: 2F 0-2: SINGLE (Flyball, 5D, EV 87.5 MPH)
|
|
Batting: RHB Luis Ordaz
|
0-0: Ball 1-0: Fly out, F7 (Flyball, 7, EV 86.9 MPH)
|
|
Batting: SHB Cecil Espy
|
0-0: Ball 1-0: SINGLE (Groundball, 3L, EV 102.5 MPH) (infield hit) Wilson Delgado to second
|
|
Batting: SHB Ruben Sierra
|
0-0: Called Strike 0-1: Ball 1-1: Ball 2-1: SINGLE (Groundball, 6MD, EV 102.5 MPH) Wilson Delgado to third Cecil Espy to second Runner from 3rd tries for Home, SAFE, throw by CF to home
|
|
Batting: RHB Scott Brosius
|
0-0: Ball 1-0: Foul Ball, location: 2F 1-1: Ball 2-1: Ball 3-1: Fly out, F7 (Flyball, 7LD, EV 93.1 MPH) Runner from 2nd tags up, SAFE at 3rd, no throw by LF
|
|
Batting: SHB Jose L Cruz
|
0-0: Ball 1-0: Called Strike 1-1: Foul Ball, location: 2F 1-2: Ball 2-2: Foul Ball, location: 2F 2-2: Foul Ball, location: 2F 2-2: Ball 3-2: Foul Ball, location: 2F 3-2: Fly out, F8 (Flyball, 8RM, EV 86.9 MPH)
|
| Top of the 3rd over - 1 run, 3 hits, 0 errors, 2 left on base; New Orleans 1 - San Antonio 0 |
| BOTTOM OF THE 3RD |
|
San Antonio Missions batting - Pitching for New Orleans Brass : LHP Trevor Wilson
|
|
Batting: RHB Mike Matheny
|
0-0: Ball 1-0: Ground out 4-3 (Groundball, 4M, EV 88.1 MPH)
|
|
Batting: RHB Luis Sojo
|
0-0: SINGLE (Groundball, 23, EV 71.9 MPH) (infield hit)
|
|
Batting: RHB Eric Owens
|
0-0: Fielders Choice at 2nd, 6-4 (Groundball, 6, EV 89.4 MPH)
|
|
Batting: LHB David Hulse
|
0-0: Called Strike 0-1: Ball 1-1: Ball 2-1: Swinging Strike 2-2: Foul Ball, location: 2F 2-2: Strikes out swinging
|
| Bottom of the 3rd over - 0 runs, 1 hit, 0 errors, 1 left on base; New Orleans 1 - San Antonio 0 |
| TOP OF THE 4TH |
|
New Orleans Brass batting - Pitching for San Antonio Missions : RHP Jeff Pico
|
|
Batting: RHB Carmelo Martinez
|
0-0: Foul Ball, location: 2F 0-1: Ball 1-1: Called Strike 1-2: Foul Ball, location: 2F 1-2: Foul Ball, location: 2F 1-2: Foul Ball, location: 2F 1-2: Ball 2-2: Ball 3-2: Foul Ball, location: 2F 3-2: Reached on error, E5 (Groundball, 5L, EV 85.6 MPH)
|
|
Batting: SHB Jose Vidro
|
0-0: Swinging Strike Carmelo Martinez is caught stealing 2nd base 2-6 0-1: Ball 1-1: Ball 2-1: Ball 3-1: Base on Balls
|
|
Batting: LHB Greg Myers
|
0-0: Fly out, F9 (Flyball, 9, EV 88.1 MPH)
|
|
Batting: SHB Wilson Delgado
|
0-0: Foul Ball, location: 2F 0-1: Ground out 4-3 (Groundball, 4, EV 87.5 MPH)
|
| Top of the 4th over - 0 runs, 0 hits, 1 error, 1 left on base; New Orleans 1 - San Antonio 0 |
| BOTTOM OF THE 4TH |
|
San Antonio Missions batting - Pitching for New Orleans Brass : LHP Trevor Wilson
|
|
Batting: RHB Damian Jackson
|
0-0: Ground out 4-3 (Groundball, 4M, EV 83.8 MPH)
|
|
Batting: RHB Orlando Miller
|
0-0: Ball 1-0: Ball 2-0: Ball 3-0: Base on Balls
|
|
Batting: RHB David Green
|
0-0: SINGLE (Groundball, 56D, EV 101.3 MPH) Orlando Miller to second
|
|
Batting: SHB Bill Doran
|
0-0: Called Strike 0-1: Ball 1-1: Foul Ball, location: 2F 1-2: Ball 2-2: Ball 3-2: Fly out, F9 (Flyball, 9LM, EV 95.6 MPH)
|
|
Batting: RHB Kelly Stinnett
|
0-0: Swinging Strike 0-1: Ball 1-1: Ball 2-1: Foul Ball, location: 2F 2-2: Foul Ball, location: 2F 2-2: Foul Ball, location: 2F 2-2: Foul Ball, location: 2F 2-2: Ball 3-2: Foul Ball, location: 2F 3-2: Strikes out looking
|
| Bottom of the 4th over - 0 runs, 1 hit, 0 errors, 2 left on base; New Orleans 1 - San Antonio 0 |
| TOP OF THE 5TH |
|
New Orleans Brass batting - Pitching for San Antonio Missions : RHP Jeff Pico
|
|
Batting: RHB Luis Ordaz
|
0-0: Foul Ball, location: 2F 0-1: Ground out 5-3 (Groundball, 56, EV 84.4 MPH)
|
|
Batting: SHB Cecil Espy
|
0-0: Called Strike 0-1: Called Strike 0-2: Ball 1-2: Ball 2-2: Foul Ball, location: 2F 2-2: Strikes out swinging
|
|
Batting: SHB Ruben Sierra
|
0-0: Swinging Strike 0-1: Swinging Strike 0-2: Strikes out swinging
|
| Top of the 5th over - 0 runs, 0 hits, 0 errors, 0 left on base; New Orleans 1 - San Antonio 0 |
| BOTTOM OF THE 5TH |
|
San Antonio Missions batting - Pitching for New Orleans Brass : LHP Trevor Wilson
|
|
Batting: RHB Mike Matheny
|
0-0: Ball 1-0: DOUBLE (Line Drive, 7LS, EV 102.5 MPH)
|
|
Batting: RHB Luis Sojo
|
0-0: Ball 1-0: Ball 2-0: Called Strike 2-1: Foul Ball, location: 2F 2-2: Ball 3-2: Fly out, F9 (Flyball, 9LSF, EV 88.1 MPH)
|
|
Batting: RHB Eric Owens
|
0-0: Ball 1-0: Ground out 6-3 (Groundball, 6, EV 90.6 MPH)
|
|
Batting: LHB David Hulse
|
0-0: Ball 1-0: Ground out 1-3 (Groundball, 23, EV 83.1 MPH)
|
| Bottom of the 5th over - 0 runs, 1 hit, 0 errors, 1 left on base; New Orleans 1 - San Antonio 0 |
| TOP OF THE 6TH |
|
New Orleans Brass batting - Pitching for San Antonio Missions : RHP Jeff Pico
|
|
Pitching: LHP Graeme Lloyd
|
|
|
Batting: RHB Scott Brosius
|
0-0: Ball 1-0: Ball 2-0: Called Strike 2-1: Ball 3-1: Foul Ball, location: 2F 3-2: Ground out 4-3 (Groundball, 4, EV 80.0 MPH)
|
|
Batting: SHB Jose L Cruz
|
0-0: Ground out 1-3 (Groundball, 34S, EV 81.9 MPH)
|
|
Batting: RHB Carmelo Martinez
|
0-0: Called Strike 0-1: Ball 1-1: Swinging Strike 1-2: Ball 2-2: SINGLE (Line Drive, 7LS, EV 106.9 MPH)
|
|
Batting: SHB Jose Vidro
|
0-0: Called Strike 0-1: Foul Ball, location: 2F 0-2: Ball 1-2: Ball 2-2: Foul Ball, location: 2F 2-2: Strikes out swinging
|
| Top of the 6th over - 0 runs, 1 hit, 0 errors, 1 left on base; New Orleans 1 - San Antonio 0 |
| BOTTOM OF THE 6TH |
|
San Antonio Missions batting - Pitching for New Orleans Brass : LHP Trevor Wilson
|
|
Batting: RHB Damian Jackson
|
0-0: Ball 1-0: Ball 2-0: Ball 3-0: Called Strike 3-1: Base on Balls
|
|
Batting: RHB Orlando Miller
|
0-0: Ball 1-0: Ball 2-0: Foul Ball, location: 2F 2-1: Ball 3-1: Called Strike 3-2: SINGLE (Groundball, 3S, EV 65.6 MPH) (infield hit) Damian Jackson to second
|
|
Batting: RHB David Green
|
0-0: Swinging Strike 0-1: Swinging Strike 0-2: Foul Ball, location: 2F 0-2: Strikes out swinging
|
|
Batting: SHB Bill Doran
|
0-0: Called Strike 0-1: Ball 1-1: Foul Ball, location: 2F 1-2: SINGLE (Groundball, 56D, EV 103.8 MPH) Damian Jackson to third Orlando Miller to second Runner from 3rd tries for Home, SAFE, no throw by LF
|
|
Batting: RHB Kelly Stinnett
|
0-0: Swinging Strike 0-1: Ball 1-1: Ball 2-1: Foul Ball, location: 2F 2-2: Ball 3-2: Strikes out swinging
|
|
Batting: RHB Mike Matheny
|
0-0: Ball 1-0: Ball 2-0: Fly out, F8 (Flyball, 89M, EV 72.5 MPH)
|
| Bottom of the 6th over - 1 run, 2 hits, 0 errors, 2 left on base; New Orleans 1 - San Antonio 1 |
| TOP OF THE 7TH |
|
New Orleans Brass batting - Pitching for San Antonio Missions : LHP Graeme Lloyd
|
|
Batting: LHB Greg Myers
|
0-0: Fly out, F8 (Line Drive, 8LD, EV 91.9 MPH)
|
|
Batting: SHB Wilson Delgado
|
0-0: Called Strike 0-1: Called Strike 0-2: Ball 1-2: Ground out 1-3 (Groundball, 34S, EV 75.0 MPH)
|
|
Batting: RHB Luis Ordaz
|
0-0: Ball 1-0: Ball 2-0: Called Strike 2-1: Ball 3-1: Ground out 4-3 (Groundball, 4, EV 107.5 MPH)
|
| Top of the 7th over - 0 runs, 0 hits, 0 errors, 0 left on base; New Orleans 1 - San Antonio 1 |
| BOTTOM OF THE 7TH |
|
San Antonio Missions batting - Pitching for New Orleans Brass : LHP Trevor Wilson
|
|
Batting: RHB Luis Sojo
|
0-0: Called Strike 0-1: Swinging Strike 0-2: Ball 1-2: Foul Ball, location: 2F 1-2: Strikes out looking
|
|
Batting: RHB Eric Owens
|
0-0: Ball 1-0: Ball 2-0: SINGLE (Line Drive, 56D, EV 102.5 MPH)
|
|
Batting: LHB David Hulse
|
0-0: Called Strike 0-1: Swinging Strike 0-2: SINGLE (Flyball, 9S, EV 87.5 MPH) Eric Owens to second Runner from 2nd tries for 3rd, SAFE, throw by RF made to third
|
|
Pitching: RHP Cris Carpenter
|
|
|
Batting: RHB Damian Jackson
|
0-0: Called Strike 0-1: SINGLE (Groundball, 56D, EV 102.5 MPH) Eric Owens scores David Hulse to second
|
|
Batting: RHB Orlando Miller
|
0-0: Grounds into double play, 6-4-3 (Groundball, 6, EV 87.5 MPH)
|
| Bottom of the 7th over - 1 run, 3 hits, 0 errors, 1 left on base; New Orleans 1 - San Antonio 2 |
| TOP OF THE 8TH |
|
New Orleans Brass batting - Pitching for San Antonio Missions : LHP Graeme Lloyd
|
|
Batting: SHB Cecil Espy
|
0-0: Ball 1-0: Ground out 4-3 (Groundball, 34, EV 98.8 MPH)
|
|
Batting: SHB Ruben Sierra
|
0-0: SINGLE (Groundball, 34D, EV 101.3 MPH)
|
|
Pitching: RHP Mauro Gozzo
|
|
|
Batting: RHB Scott Brosius
|
0-0: Ball 1-0: Fly out, F7 (Flyball, 7D, EV 108.1 MPH)
|
|
Batting: SHB Jose L Cruz
|
0-0: Ball 1-0: SINGLE (Groundball, 4MD, EV 99.4 MPH) Ruben Sierra to second Runner from 2nd tries for 3rd, SAFE, no throw by CF
|
|
Batting: RHB Carmelo Martinez
|
0-0: Ball 1-0: Ball 2-0: Ball 3-0: Called Strike 3-1: Base on Balls Jose L Cruz to second
|
|
Batting: SHB Jose Vidro
|
0-0: Ball 1-0: Ball 2-0: Foul Ball, location: 2F 2-1: SINGLE (Line Drive, 89S, EV 100.0 MPH) Ruben Sierra scores Jose L Cruz to third Carmelo Martinez to second Runner from 3rd tries for Home, SAFE, throw by RF to home
|
|
Batting: LHB Greg Myers
|
0-0: Called Strike 0-1: Foul Ball, location: 2F 0-2: Foul Ball, location: 2F 0-2: SINGLE (Groundball, 56D, EV 107.5 MPH) Carmelo Martinez to third Jose Vidro to second Runner from 3rd tries for Home, SAFE, throw by LF to home
|
|
Batting: SHB Wilson Delgado
|
0-0: Ball 1-0: Ball 2-0: Swinging Strike 2-1: Swinging Strike 2-2: Foul Ball, location: 2F 2-2: Foul Ball, location: 2F 2-2: Ball 3-2: Strikes out looking
|
| Top of the 8th over - 3 runs, 4 hits, 0 errors, 2 left on base; New Orleans 4 - San Antonio 2 |
| BOTTOM OF THE 8TH |
|
San Antonio Missions batting - Pitching for New Orleans Brass : RHP Cris Carpenter
|
|
Batting: RHB David Green
|
0-0: Ball 1-0: Ball 2-0: Ball 3-0: Called Strike 3-1: Swinging Strike 3-2: Strikes out swinging
|
|
Batting: SHB Bill Doran
|
0-0: Ground out 4-3 (Groundball, 4, EV 85.0 MPH)
|
|
Batting: RHB Kelly Stinnett
|
0-0: Foul Ball, location: 2F 0-1: SINGLE (Flyball, 9S, EV 96.3 MPH)
|
|
Batting: RHB Mike Matheny
|
0-0: Ball 1-0: Ball 2-0: Called Strike 2-1: Ball 3-1: Base on Balls Kelly Stinnett to second
|
|
Pinch Runner at 2nd Michael Coleman:
|
|
|
Batting: RHB Luis Sojo
|
0-0: Called Strike 0-1: SINGLE (Groundball, 34, EV 85.6 MPH) (infield hit) Michael Coleman to third Mike Matheny to second
|
|
Batting: RHB Eric Owens
|
0-0: Ball 1-0: Called Strike 1-1: Swinging Strike 1-2: Foul Ball, location: 2F 1-2: Strikes out swinging
|
| Bottom of the 8th over - 0 runs, 2 hits, 0 errors, 3 left on base; New Orleans 4 - San Antonio 2 |
| TOP OF THE 9TH |
|
New Orleans Brass batting - Pitching for San Antonio Missions : RHP Mauro Gozzo
|
|
Batting: RHB Luis Ordaz
|
0-0: Ball 1-0: Swinging Strike 1-1: Ball 2-1: Ground out 5-3 (Groundball, 56, EV 79.4 MPH)
|
|
Batting: SHB Cecil Espy
|
0-0: Swinging Strike 0-1: Swinging Strike 0-2: Foul Ball, location: 2F 0-2: Strikes out swinging
|
|
Batting: SHB Ruben Sierra
|
0-0: Called Strike 0-1: Foul Ball, location: 2F 0-2: Ball 1-2: Reached on error, E4 (Groundball, 4, EV 108.1 MPH)
|
|
Pitching: RHP Steve Olin
|
|
|
Batting: RHB Scott Brosius
|
0-0: Called Strike 0-1: Foul Ball, location: 2F 0-2: Ball 1-2: Foul Ball, location: 2F 1-2: Ball 2-2: Fly out, F8 (Flyball, 8LM, EV 95.0 MPH)
|
| Top of the 9th over - 0 runs, 0 hits, 1 error, 1 left on base; New Orleans 4 - San Antonio 2 |
| BOTTOM OF THE 9TH |
|
San Antonio Missions batting - Pitching for New Orleans Brass : RHP Cris Carpenter
|
|
Pitching: LHP Mike Holtz
|
|
|
Batting: LHB David Hulse
|
0-0: SINGLE (Groundball, 5L, EV 100.6 MPH)
|
|
Batting: RHB Damian Jackson
|
0-0: Ball 1-0: Called Strike 1-1: Ball 2-1: Ball 3-1: Called Strike 3-2: Base on Balls David Hulse to second
|
|
Batting: RHB Orlando Miller
|
0-0: Ball 1-0: SINGLE (Line Drive, 89S, EV 101.3 MPH) David Hulse to third Damian Jackson to second
|
|
Pitching: RHP Luis Aquino
|
|
|
Batting: RHB David Green
|
0-0: Foul Ball, location: 2F 0-1: Called Strike 0-2: Fly out, F9 (Flyball, 9LSF, EV 91.3 MPH) Runner from 3rd tags up, SCORES, no throw by RF
|
|
Batting: SHB Bill Doran
|
0-0: Called Strike 0-1: Ball 1-1: Called Strike 1-2: Foul Ball, location: 2F 1-2: Ball 2-2: Strikes out swinging
|
|
Batting: RHB Michael Coleman
|
0-0: Ball 1-0: Called Strike 1-1: Ball 2-1: Foul Ball, location: 2F 2-2: Ball 3-2: Fly out, F6 (Line Drive, 6, EV 60.6 MPH)
|
| Bottom of the 9th over - 1 run, 2 hits, 0 errors, 2 left on base; New Orleans 4 - San Antonio 3 |
|